 Dungeon Crawl Stone Soup version 0.19.0 (webtiles) character file.

31 PurpleRed the Ducker (level 3, 0/16 HPs)
             Began as a Felid Transmuter on Nov 11, 2016.
             Slain by an orc
             ... wielding a +0 whip
              (4 damage)
             ... on level 2 of the Dungeon.
             The game lasted 00:03:10 (2172 turns).

PurpleRed the Ducker (Felid Transmuter)             Turns: 2172, Time: 00:03:11

Health: 0/16       AC:  1    Str:  6    XL:     3   Next: 7%
Magic:  6/7        EV: 19    Int: 14    God:
Gold:   94         SH:  0    Dex: 17    Spells: 1 memorised, 5 levels left
                                        Lives:  0   Deaths: 1

rFire  + . .     SeeInvis +       - Unarmed
rCold  . . .     Gourm    .     (armour unavailable)
rNeg   . . .     Faith    .     (shield unavailable)
rPois  .         Spirit   .     (helmet unavailable)
rElec  .         Reflect  .     (cloak unavailable)
rCorr  .         Harm     .     (gloves unavailable)
MR     .....                    (boots unavailable)
Stlth  ++........               (no amulet)
                                (no ring)
                                j - ring of protection from fire

@: appendage (expiring), quick
A: no armour, no weapons or thrown items, stealth, claws 1, fangs 3, horns 2,
see invisible, carnivore 3, speed 1, shaggy fur 1, slow metabolism 1, sharp paws
a: End Transformation


You were on level 2 of the Dungeon.
You were not hungry.
You had grown temporary horns.
You visited 1 branch of the dungeon, and saw 3 of its levels.

You collected 94 gold pieces.

Inventory:

Missiles
 a - 50 arrows
Jewellery
 j - a ring of protection from fire (left paw)
Scrolls
 d - a scroll of immolation {unknown}
 e - 3 scrolls of identify {unknown}
 f - a scroll of remove curse {unknown}
 h - a scroll of teleportation {unknown}
 i - a scroll of enchant armour {unknown}
 l - a scroll of blinking {unknown}
Potions
 g - a potion of heal wounds {unknown}
 k - a potion of resistance {unknown}
Books
 b - a book of Changes

   Spells                             Type                      Level
   a - Beastly Appendage              Transmutation                1
   b - Sticks to Snakes               Transmutation                2
   c - Spider Form                    Transmutation/Poison         3
   d - Ice Form                       Ice/Transmutation            4
   e - Blade Hands                    Transmutation                5
Comestibles
 c - a meat ration


   Skills:
 + Level 2.2 Fighting
 + Level 4.0 Dodging
 * Level 3.8 Unarmed Combat
 - Level 2.0 Spellcasting
 - Level 2.1 Transmutations


You had 5 spell levels left.
You knew the following spells:

 Your Spells              Type           Power        Failure   Level  Hunger
a - Beastly Appendage     Tmut           #.....       12%         1    ##.....


Dungeon Overview and Level Annotations

Branches:
Dungeon (3/15)

Altars:
The Shining One


Innate Abilities, Weirdness & Mutations

You cannot wear armour.
You are incapable of wielding weapons or throwing items.
Your paws allow you to move quietly. (Stealth)
You have sharp claws.
You have razor-sharp teeth.
You have supernaturally acute eyesight. (SInv)
You are carnivorous and can eat meat at any time.
You cover ground quickly.
You are covered in fur. (AC +1)
You have a slow metabolism.
Your sharp claws are effective at attacking unaware monsters.
You have a pair of horns on your head.


Message History

You climb downwards.
The centaur shoots an arrow.
The arrow hits you!
There is a stone staircase leading up here.
You see here 2 arrows.
Your transformation is almost over.
The centaur unwields an uncursed shortbow.
The centaur completely misses you.
There is a stone staircase leading up here.
You see here 2 arrows.
The centaur completely misses you. The orc misses you. The centaur hits you.
* * * LOW HITPOINT WARNING * * *
The orc barely misses you.
You climb upwards.
There is a stone staircase leading down here.
You scratch the centaur.
The centaur is moderately wounded.
The orc misses you. The centaur misses you. The orc closely misses you.
You scratch the centaur. You headbutt the centaur!
The centaur is severely wounded.
The centaur completely misses you. The orc hits you with a whip.
You die...

#...........#.##.##.#.#
##...####.###.##.##.#.#
#......#.....##......#
#...##.#########.....#
######.# ##..........#
#.# #.....8.....# #.#
#....8.8....#
####.###...8._.8.#.###
##....o@o....8.8..#...#
#.....##c.....8...###.#
#.###.##..#.......###.#
#.# #.......>......##.#
#.###.##..##..####.##.#
######
#.........##..####.##.#
.....#
##............#.......##
#.##.#
#..####.###.##.##.#####
.#.#.######..####.#
#.......##.##


You could see a centaur and 2 orcs.

Vanquished Creatures
  2 oozes (D:1)
  2 dart slugs
  2 ball pythons
  5 giant cockroaches
  7 goblins
  9 hobgoblins
  2 jackals (D:2)
  13 kobolds
  2 bats
  4 frilled lizards
  7 rats
55 creatures vanquished.

Notes
Turn   | Place    | Note
-------+----------+-------------------------------------------
     0 | D:1      | PurpleRed the Felid Transmuter began the quest for the Orb.
     0 | D:1      | Reached XP level 1. HP: 9/9 MP: 4/4
   130 | D:1      | Reached XP level 2. HP: 11/12 MP: 6/6
   144 | D:1      | Reached skill level 3 in Dodging
   482 | D:1      | Reached XP level 3. HP: 14/16 MP: 7/7
  1142 | D:2      | Found a faded altar of an unknown god.
  1543 | D:2      | Reached XP level 4. HP: 19/19 MP: 8/8
  1553 | D:2      | Found a glowing golden altar of the Shining One.
  1790 | D:3      | Reached skill level 4 in Dodging
  1842 | D:3      | Noticed a centaur
  1856 | D:3      | Shot with an arrow by a centaur
  1857 | D:3      | Reached XP level 3. HP: -2/16 MP: 7/7
  2172 | D:2      | Slain by an orc

Skill      XL: |  1  2  3  4 |
---------------+-------------+-----
Dodging        | 3 4 |  4.0
Fighting       | 2 |  2.2
Unarmed Combat | |  3.8
Spellcasting   | |  2.0
Transmutations | |  2.1

Action                   |  1- 3 |  4- 6 || total
-------------------------+-------+-------++-------
Melee: Unarmed           |   143 |    13 ||   156
       Bite              |     9 |       ||     9
       Headbutt          |    10 |       ||    10
       Punch             |     2 |       ||     2
 Cast: Beastly Appendage |     7 |       ||     7
 Stab: Sleeping          |     7 |       ||     7
  Eat: Chunk             |       |     1 ||     1
Armor: Skin              |     3 |     1 ||     4
Dodge: Dodged            |   105 |    25 ||   130
